Map: Orbital Shipyard

Players

llllllllllll - Winner!

  • Race: Zerg Zerg
  • League: Platinum

ILLBdA

  • Race: Protoss Protoss
  • League: Diamond

VOD

Have the link to the VOD?

Description

Time

  • Played on: Dec. 31, 2015, 8:07 a.m.
  • Length: 16:03
Show
View Real Time Build Order
Export as new Build Order

llllllllllll Zerg - Winner!

Build Orders: Hatch First, Lurkers 

Get SALT Encoding   

  12  0:03  Drone  
  13  0:08  Drone  
  14  0:33  Overlord  
  14  0:41  Hatchery  
  13  0:49  Drone  
  14  0:56  Drone x2  
  16  1:00  Drone  
  17  1:12  Spawning Pool  
  17  1:16  Drone  
  17  1:23  Overlord  
  18  1:32  Drone  
  18  1:36  Extractor  
  17  1:43  Drone  
  18  1:53  Drone  
  19  1:54  Drone  
  20  2:03  Queen x2  
  20  2:05  Drone x2  
  26  2:14  Drone  
  28  2:15  Drone  
  28  2:19  Spine Crawler  
  27  2:27  Spine Crawler  
  27  2:28  Drone  
  27  2:30  Drone  
  28  2:39  Queen  
  30  2:49  Queen  
  32  2:52  Metabolic Boost  
  32  3:03  Drone x4  
  35  3:23  Drone  
  35  3:24  Overlord  
  36  3:34  Overlord  
  36  3:40  Extractor  
  35  3:43  Hatchery, Drone x4  
  35  3:46  Zergling x2  
  39  3:53  Zergling x4  
  39  3:55  Zergling x2  
  42  3:57  Zergling x4  
  42  4:01  Zergling x2  
  45  4:06  Extractor x2  
  45  4:08  Drone x2  
  45  4:09  Drone  
  46  4:16  Lair  
  46  4:27  Drone x4  
  50  4:36  Drone x2  
  51  4:55  Drone  
  51  4:56  Drone x5  
  51  4:57  Overlord  
  57  5:04  Spore Crawler  
  56  5:07  Spore Crawler, Drone x2  
  57  5:25  Hydralisk Den  
  56  5:28  Infestation Pit  
  54  5:41  Zergling x10  
  54  5:42  Zergling x6  
  60  5:46  Zergling x8  
  60  5:47  Zergling x4  
  65  5:53  Evolution Chamber  
  65  5:54  Evolution Chamber  
  65  5:56  Roach Warren  
  62  5:58  Drone x3  
  62  5:59  Overlord  
  65  6:05  Lurker Den  
  65  6:18  Hydralisk x3  
  69  6:38  Zergling x2  
  69  6:39  Zergling x20  
  66  6:45  Zerg Missile Weapons Level 1  
  66  6:46  Zerg Ground Armor Level 1  
  66  6:52  Drone x3  
  69  6:55  Glial Reconstitution  
  69  7:02  Hydralisk  
  69  7:03  Hydralisk  
  73  7:13  Overlord  
  73  7:14  Overlord  
  73  7:33  Lurker  
  73  7:34  Lurker x2  
  73  7:35  Hydralisk x5  
  73  7:36  Hydralisk  
  87  7:37  Hydralisk  
  87  7:42  Hydralisk  
  81  8:21  Hydralisk x4  
  81  8:23  Overlord x4  
  81  8:24  Overlord  
  89  8:28  Lurker  
  89  8:39  Lurker x2  
  88  8:41  Hydralisk x4  
  88  8:42  Hydralisk x4  
  88  8:46  Zerg Missile Weapons Level 2  
  104  8:52  Zerg Ground Armor Level 2  
  104  9:02  Extractor x2  
  76  9:25  Roach  
  76  9:26  Roach x11  
  76  9:29  Overseer  
  96  9:31  Roach  
  96  9:32  Roach  
  96  9:37  Lurker  
  97  9:47  Lurker  
  97  9:49  Roach x3  
  104  9:55  Roach x2  
  103  10:09  Lurker  
  103  10:12  Roach x4  
  110  10:20  Roach x3  
  116  10:28  Drone x2  
  116  10:29  Drone  
  117  11:03  Hydralisk x7  
  127  11:10  Drone  
  130  11:20  Overlord  
  130  11:21  Overlord x3  
  130  11:34  Overseer  
  130  11:35  Overseer  
  131  11:40  Drone x6  
  131  11:43  Drone x3  
  139  12:05  Hive  
  139  12:06  Drone  
  139  12:07  Drone x3  
  139  12:18  Hatchery  
  138  12:33  Hydralisk x6  
  138  12:34  Hydralisk x4  
  138  12:36  Overlord  
  158  12:54  Muscular Augments  
  158  12:55  Roach x4  
  158  12:56  Roach  
  158  12:57  Roach  
  170  13:25  Overlord x2  
  170  13:26  Overlord x3  
  167  13:48  Viper x3  
  167  13:49  Viper  
  179  13:58  Hydralisk x2, Roach  
  179  13:59  Hydralisk x2  
  183  14:20  Lurker x8  
  183  14:21  Lurker  
  182  14:29  Roach  
  182  14:30  Roach x6  
  188  14:32  Roach  
  188  14:36  Extractor x2  
  186  14:39  Overseer x2  
  186  14:41  Roach  
  186  14:42  Roach  
  186  14:43  Roach  
  192  14:49  Roach x4  
  200  15:16  Spire  
  199  15:21  Ultralisk Cavern  
Show
View Real Time Build Order
Export as new Build Order

ILLBdA Protoss 

Build Orders:  

Get SALT Encoding   

  12  0:01  Probe (Chrono Boost)  
  13  0:11  Probe (Chrono Boost)  
  14  0:19  Pylon  
  14  0:22  Probe (Chrono Boost)  
  15  0:37  Probe (Chrono Boost)  
  15  0:39  Gateway  
  16  0:48  Probe (Chrono Boost)  
  16  0:49  Assimilator  
  17  0:58  Probe (Chrono Boost)  
  17  0:59  Assimilator  
  18  1:09  Probe (Chrono Boost)  
  19  1:14  Gateway  
  19  1:19  Probe (Chrono Boost)  
  20  1:27  Cybernetics Core  
  20  1:30  Probe (Chrono Boost)  
  21  1:40  Probe (Chrono Boost)  
  21  1:41  Pylon  
  22  1:51  Probe (Chrono Boost)  
  23  2:01  Probe (Chrono Boost)  
  23  2:04  Adept x2, Warp Gate  
  28  2:13  Probe (Chrono Boost)  
  29  2:30  Nexus  
  29  2:37  Pylon  
  29  2:40  Mothership Core (Chrono Boost)  
  31  2:55  Sentry  
  33  2:59  Probe (Chrono Boost)  
  34  3:09  Probe (Chrono Boost)  
  35  3:13  Sentry  
  38  3:20  Probe (Chrono Boost)  
  38  3:25  Robotics Facility  
  36  3:30  Probe (Chrono Boost)  
  37  3:38  Zealot  
  39  3:42  Probe (Chrono Boost)  
  39  3:43  Probe (Chrono Boost)  
  41  3:52  Probe (Chrono Boost)  
  41  3:54  Probe (Chrono Boost), Pylon  
  43  4:03  Probe (Chrono Boost)  
  43  4:06  Probe (Chrono Boost)  
  45  4:10  Gateway  
  45  4:15  Warp Prism (Chrono Boost)  
  47  4:18  Probe (Chrono Boost)  
  47  4:21  Pylon  
  47  4:22  Sentry  
  50  4:33  Twilight Council  
  50  4:34  Probe  
  50  4:35  Probe  
  51  4:41  Gateway  
  51  4:49  Immortal (Chrono Boost)  
  55  4:54  Sentry  
  55  4:57  Probe  
  55  4:59  Probe  
  58  5:00  Assimilator  
  58  5:05  Assimilator  
  59  5:09  Resonating Glaives, Probe  
  60  5:22  Zealot x2  
  60  5:23  Immortal (Chrono Boost)  
  68  5:41  Zealot  
  70  6:07  Pylon  
  70  6:08  Pylon  
  70  6:09  Nexus  
  70  6:10  Forge, Pylon  
  70  6:14  Pylon  
  70  6:23  Templar Archives  
  70  6:24  Probe  
  70  6:25  Probe  
  70  6:26  Immortal (Chrono Boost)  
  70  6:27  Adept x3  
  82  6:44  Probe  
  82  6:46  Adept  
  85  6:51  Protoss Ground Weapons Level 1  
  85  6:55  Photon Cannon  
  85  6:57  Probe  
  85  6:59  Photon Cannon  
  85  7:01  Immortal (Chrono Boost), Psionic Storm  
  90  7:08  Pylon  
  90  7:11  Pylon  
  90  7:21  Probe  
  90  7:22  Probe  
  91  7:29  High Templar x2  
  96  7:36  Immortal (Chrono Boost), Photon Cannon  
  96  7:37  Gateway x2  
  100  7:55  Adept  
  100  7:56  Zealot  
  100  7:58  Probe  
  104  7:59  Probe  
  104  8:00  Probe, Assimilator  
  107  8:06  Assimilator  
  107  8:11  Probe, Observer, Archon  
  108  8:17  Zealot, High Templar  
  108  8:18  Zealot x2  
  114  8:31  Zealot  
  116  8:37  High Templar  
  116  8:38  Probe, Zealot x2  
  116  8:39  Probe  
  116  8:40  Probe  
  125  8:48  Protoss Ground Weapons Level 2  
  125  8:52  Charge  
  125  8:54  Zealot x3  
  131  9:00  Pylon  
  131  9:05  Pylon  
  125  9:12  Archon  
  125  9:14  Observer  
  102  9:28  Adept x3, Zealot x2  
  102  9:29  Adept  
  114  9:42  Immortal  
  118  9:53  Adept  
  118  9:54  Adept x3  
  122  10:08  Adept x2  
  122  10:13  Probe, Robotics Bay  
  127  10:16  High Templar x2  
  131  10:21  Archon  
  131  10:23  Probe, High Templar x2  
  131  10:25  Probe  
  131  10:26  Warp Prism  
  139  10:31  Archon  
  135  10:54  High Templar x2  
  135  10:55  Zealot x4  
  141  11:03  Extended Thermal Lance (Chrono Boost)  
  134  11:10  Archon  
  136  11:12  Colossus (Chrono Boost)  
  136  11:15  Adept x2  
  136  11:16  Zealot x2  
  148  11:18  Probe  
  148  11:20  Probe  
  148  11:23  Protoss Ground Weapons Level 3  
  149  11:29  Gateway  
  149  11:31  Gateway  
  147  11:36  Nexus  
  147  11:37  Pylon x2  
  147  11:39  Pylon  
  147  12:01  Robotics Facility  
  147  12:02  Probe, Pylon, Colossus (Chrono Boost)  
  154  12:16  Pylon  
  154  12:19  Pylon  
  154  12:21  Pylon x2  
  153  12:27  Adept x3  
  153  12:28  Adept  
  161  12:39  High Templar x2  
  165  12:47  Colossus (Chrono Boost)  
  165  12:48  Colossus (Chrono Boost)  
  167  12:58  Gravitic Drive  
  166  13:23  Zealot  
  166  13:24  Zealot x7  
  182  13:35  Colossus x2 (Chrono Boost)  
  186  13:55  Observer Gravitic Boosters  
  186  13:56  Adept x2  
  186  13:57  Adept x3  
  196  14:08  Adept  
  196  14:09  Adept  
  193  14:15  Archon  
  187  14:18  Adept  
  187  14:19  Adept x3  
  187  14:20  Adept  
  187  14:21  Disruptor (Chrono Boost), Warp Prism (Chrono Boost)  
  192  14:24  Probe  
  193  14:46  High Templar x3  
  193  14:47  Nexus  
  193  14:49  Pylon  
  199  14:59  Observer (Chrono Boost)  
  200  15:39  Observer (Chrono Boost)  
  200  15:40  Archon  
  194  15:43  Adept x2  
  194  15:44  Adept  
  200  15:56  Zealot x5  
Tags
 
Composition
Lurkers
Matchup
PvZ
Replay Pack
me
Add a new tag
Caveats
  • Supply blocks, unpowered buildings, or Contaminate may cause inaccurate times.
  • Supply counts are checked every 10 seconds.